 Dungeon Crawl Stone Soup version 0.19.1 (webtiles) character file.

1194 spooks32 the Martial Artist (level 8, -3/48 HPs)
             Began as a Kobold Monk on Dec 26, 2016.
             Was a Believer of Sif Muna.
             Killed by divine providence
             ... invoked by an orc priest
              (12 damage)
             ... on level 6 of the Dungeon.
             The game lasted 00:33:32 (6263 turns).

spooks32 the Martial Artist (Kobold Monk)           Turns: 6263, Time: 00:33:33

Health: -3/48      AC:  6    Str: 13    XL:     8   Next: 71%
Magic:  11/11      EV: 16    Int: 11    God:    Sif Muna [**....]
Gold:   306        SH:  0    Dex: 18    Spells: 2 memorised, 8 levels left

rFire  . . .     SeeInvis .       - Unarmed
rCold  . . .     Gourm    .     r - +0 leather armour "Lyga" {Str+3}
rNeg   . . .     Faith    .     (shield restricted)
rPois  .         Spirit   .     (no helmet)
rElec  .         Reflect  .     (no cloak)
rCorr  .         Harm     .     (no gloves)
MR     .....                    q - +2 pair of boots
Stlth  ++........               j - amulet of regeneration
                                (no ring)
                                e - ring of flight

@: no status effects
A: carnivore 3
a: Divine Energy, Renounce Religion, Evoke Flight


You were on level 6 of the Dungeon.
You worshipped Sif Muna.
Sif Muna was pleased with you.
You were very full.

You visited 2 branches of the dungeon, and saw 7 of its levels.
You also visited: Ossuary.

You collected 306 gold pieces.

Inventory:

Hand Weapons
 c - a +1 trident of venom
 i - the +7 long sword "Jufua" {pain, +Rage Str+2, unknown}
   (You found it on level 5 of the Dungeon)

   In the hands of one skilled in necromantic magic, it inflicts extra damage on
   living creatures.
   It affects your strength (+2).
   It lets you go berserk.
 x - a +0 antimagic dagger
 y - a +1 hand axe of flaming
Missiles
 d - 44 bolts
Armour
 q - a +2 pair of boots (worn)
 r - the +0 leather armour "Lyga" (worn) {Str+3}
   (You found it on level 4 of the Dungeon)

   It affects your strength (+3).
Jewellery
 a - a +3 amulet of reflection
 e - a ring of flight (left hand)
 j - an amulet of regeneration (around neck)
 s - an uncursed ring of see invisible {unknown}
 v - a cursed ring of loudness {unknown}
 w - a +2 ring of evasion {unknown}
Wands
 m - a wand of slowing (24/48)
 o - a wand of disintegration (13/24)
Scrolls
 t - 3 scrolls of amnesia
Potions
 g - 2 potions of flight
 h - 4 potions of heal wounds {unknown}
 k - 4 potions of curing {unknown}
 n - 2 potions of brilliance
 p - a potion of might {unknown}
Books
 u - a book of Maledictions

   Spells                             Type                      Level
   a - Corona                         Hexes                        1
   b - Ensorcelled Hibernation        Hexes/Ice                    2
   c - Confuse                        Hexes                        3
   d - Tukima's Dance                 Hexes                        3
   e - Dazzling Spray                 Conjuration/Hexes            3
Comestibles
 b - 9 meat rations
 l - 2 beef jerkies


   Skills:
 * Level 4.9 Fighting
 + Level 0.2 Throwing
 - Level 3.6 Dodging
 - Level 2.6 Stealth
 * Level 9.2 Unarmed Combat
 + Level 2.6 Spellcasting
 * Level 0.8 Hexes


You had 8 spell levels left.
You knew the following spells:

 Your Spells              Type           Power        Failure   Level  Hunger
a - Corona                Hex            #......      30%         1    ##.....
b - Confuse               Hex            #.......     85%         3    ####...


Dungeon Overview and Level Annotations

Branches:
Dungeon (6/15)             Temple (1/1) D:6

Altars:
Ashenzari
Cheibriados
Dithmenos
Elyvilon
Fedhas
Gozag
Hepliaklqana
Kikubaaqudgha
Makhleb
Qazlal
Ru
Sif Muna
Trog
Uskayaw
Xom
Yredelemnul
The Shining One

Annotations:
D:2 Robin, Sigmund
D:4 Eustachio
D:5 Menkaure


Innate Abilities, Weirdness & Mutations

You are small and have problems with some larger weapons.
You are carnivorous and can eat meat at any time.


Message History

The orc barely misses you. The orc closely misses you.
You closely miss the orc. The orc hits you.
The orc priest begins to cast a cantrip, but forgets the words!
You barely miss the orc. The orc barely misses you.
You closely miss the orc. The orc barely misses you.
You punch the orc!
You kill the orc!
Sif Muna accepts your kill.
You punch the iguana!
The iguana is heavily wounded.
The orc priest calls down the wrath of Beogh upon you.
Beogh smites you!
* * * LOW HITPOINT WARNING * * *
The iguana bites you but does no damage.
Okay, then.
The orc priest barely misses you.
The orc priest looks braver for a moment.
The orc priest invokes the aid of Beogh against you.
Beogh smites you!
You die...

.# ##.# .### #..#
...#####..#
.#.......###### ##
.######..# ... .
.. ###...##.# .#
#. #........# #.#
#.#.#.....##
###..#
.#.#..##..###.@.#
......###...(.####
##...#..#
###.o.l)o#####
5.......#
#.####Wo...#
........ ...#
#.....# ..##..
#.### #.W...# ..#
#. ###.#.### ### #
#...#.# # #...#.#


You could see an orc priest.

Vanquished Creatures
  An elf zombie (Ossuary)
  A scorpion (D:6)
  3 crimson imps
  5 hounds
  A centaur zombie (Ossuary)
  2 human zombies (Ossuary)
  3 orc wizards
  7 orc priests
  2 jellies (D:6)
  2 worker ants
  3 big kobold zombies (Ossuary)
  A hound skeleton (D:5)
  2 mummies (Ossuary)
  7 adders
  An ooze (D:1)
  An adder zombie (Ossuary)
  2 adder skeletons
  2 worms
  A dart slug (D:1)
  A leopard gecko (D:3)
  28 orcs
  5 giant cockroaches
  11 goblins
  6 hobgoblins
  13 jackals
  3 quokkas
  A ball python (D:6)
  3 bats
  2 frilled lizards
  3 goblin zombies (Ossuary)
  9 hobgoblin zombies (Ossuary)
  A jackal zombie (Ossuary)
  7 kobolds
  7 kobold zombies (Ossuary)
  9 orc zombies (Ossuary)
  A quokka zombie (D:6)
  5 rats
  A rat zombie (D:6)
  A spectral orc (D:5)
164 creatures vanquished.

Vanquished Creatures (others)
  A goblin (D:2)
  A rat (D:2)
2 creatures vanquished.

Grand Total: 166 creatures vanquished

Notes
Turn   | Place    | Note
-------+----------+-------------------------------------------
     0 | D:1      | spooks32 the Kobold Monk began the quest for the Orb.
     0 | D:1      | Reached XP level 1. HP: 14/14 MP: 1/1
   233 | D:1      | Reached XP level 2. HP: 11/19 MP: 2/2
   732 | D:1      | Reached XP level 3. HP: 23/24 MP: 3/3
  1281 | D:2      | Noticed Robin
  1281 | D:2      | Noticed Sigmund
  1606 | D:2      | Found a stormy altar of Qazlal.
  1677 | D:3      | Reached skill level 4 in Unarmed Combat
  1677 | D:3      | Reached XP level 4. HP: 29/29 MP: 4/4
  1732 | D:3      | HP: 1/29 [orc priest/divine providence (15)]
  1866 | D:3      | Reached skill level 5 in Unarmed Combat
  1866 | D:3      | Reached XP level 5. HP: 33/33 MP: 5/5
  2124 | D:3      | Reached XP level 6. HP: 22/38 MP: 6/6
  2619 | D:3      | Reached skill level 6 in Unarmed Combat
  2862 | D:4      | Reached skill level 1 in Spellcasting
  2945 | D:3      | Reached XP level 7. HP: 34/44 MP: 8/8
  3212 | D:4      | Got an amber-encrusted leather armour
  3225 | D:4      | Identified the cursed +0 leather armour "Lyga" {Str+3} (You found it on level 4 of the Dungeon)
  3352 | D:4      | Found a snail-covered altar of Cheibriados.
  3562 | D:4      | Noticed Eustachio
  3599 | D:5      | Entered Level 5 of the Dungeon
  3619 | D:5      | HP: 2/44 [orc priest/nerve-wracking pain (4)]
  3698 | D:5      | Got a crystal long sword
  3715 | D:5      | Found a basalt altar of Yredelemnul.
  3821 | D:5      | Reached skill level 7 in Unarmed Combat
  4262 | D:5      | Noticed Menkaure
  4512 | D:5      | Reached XP level 8. HP: 29/48 MP: 11/11
  4610 | D:5      | Found a shattered altar of Ashenzari.
  4894 | D:6      | Reached skill level 8 in Unarmed Combat
  4999 | D:6      | Found a shadowy altar of Dithmenos.
  5021 | D:6      | Learned a level 1 spell: Corona
  5049 | D:6      | Found a staircase to the Ecumenical Temple.
  5069 | D:6      | Found a sand-covered staircase.
  5097 | Ossuary  | Entered an ossuary
  5601 | Temple   | Entered the Ecumenical Temple
  5709 | Temple   | Became a worshipper of Sif Muna the Loreminder
  5709 | Temple   | Reached * piety under Sif Muna
  5709 | Temple   | Reached ** piety under Sif Muna
  5714 | Temple   | Learned a level 3 spell: Confuse
  5953 | D:6      | Reached skill level 9 in Unarmed Combat
  6263 | D:6      | Killed from afar by an orc priest

Skill      XL: |  1  2  3  4  5  6  7  8 |
---------------+-------------------------+-----
Fighting       | 4 |  4.9
Unarmed Combat | 4 5 6 7 9 |  9.2
Spellcasting   | 1 2 |  2.6
Throwing       | |  0.2
Dodging        | |  3.6
Stealth        | |  2.6
Hexes          | |  0.8

Action                   |  1- 3 |  4- 6 |  7- 9 || total
-------------------------+-------+-------+-------++-------
Melee: Unarmed           |   144 |   174 |   442 ||   760
       Punch             |     1 |     3 |    20 ||    24
Throw: Tomahawk          |       |       |    10 ||    10
 Cast: Corona            |       |       |     3 ||     3
  Use: Scroll            |     4 |       |     6 ||    10
       Potion            |       |     5 |       ||     5
 Stab: Sleeping          |     1 |       |       ||     1
  Eat: Chunk             |     9 |     6 |    10 ||    25
Armor: Robe              |     8 |       |       ||     8
       Leather armour    |     2 |    17 |    78 ||    97
       Skin              |       |     6 |       ||     6
Dodge: Dodged            |    93 |   145 |   323 ||   561
Block: Other             |       |       |     3 ||     3
